AoeStats
← eddie8209

Lombardia

508406437Analyzed
4v4 RM · 9d ago on Sep 22, 2026· 49m 10s· 8 players
Game mode
Random Map
Map size
Large (8 player)
Population
200
Speed
Normal
Resources
Standard
Victory
Conquest
Starting age
Dark Age
Ending age
Imperial Age
RankedLock teamsTeams togetherTeam positionsShared explorationLock speedFull tech treeHidden civsTurbo modeCheats
Victory
Defeat
🇭🇰 Mongols · Hong Kong SAR China
1478
+13
🇧🇷 Bohemians · Brazil
1458
+14
🇨🇳 Poles · China
1455
+14
🇹🇼 Spanish · Taiwan
1405
+16
🇹🇼 Magyars · Taiwan
1546
-20
🇨🇳 Turks · China
1377
-13
🇨🇳 Hindustanis · China
1367
-12
🇨🇳 Poles · China
1365
-12
天線小號
5:02 Loom
11:16 Feudal Age
13:30 Town Watch
19:01 Castle Age
17:56 Double-Bit Axe
18:40 Horse Collar
31:20 Heavy Plow
34:02 Gold Mining
35:29 Wheelbarrow
35:46 Bow Saw
37:06 Fletching
40:15 Imperial Age
37:55 Caravan
37:59 Bodkin Arrow
38:32 Scale Mail Armor
38:24 Pikeman
41:05 Guard Tower
41:27 Fortified Wall
42:19 Chemistry
41:21 Halberdier
42:02 Squires
41:47 Gambesons
43:43 Conscription
43:16 Arson
43:48 Chain Mail Armor
43:43 Forging
44:57 Two-Man Saw
45:16 Gambesons
46:02 Plate Mail Armor
47:09 Bombard Tower
46:59 Padded Archer Armor
47:50 Hand Cart
逆·风
4:45 Loom
11:40 Feudal Age
12:15 Double-Bit Axe
12:11 Horse Collar
15:16 Wheelbarrow
18:08 Castle Age
19:07 Bow Saw
18:58 Heavy Plow
20:47 Town Watch
21:34 Fervor
21:49 Sanctity
27:30 Wagenburg Tactics
27:56 Fletching
28:07 Padded Archer Armor
29:12 Scale Mail Armor
29:56 Hand Cart
30:16 Pikeman
31:48 Chain Mail Armor
32:30 Treadmill Crane
33:16 Ballistics
35:04 Squires
38:28 Chemistry
38:38 Masonry
38:24 Murder Holes
42:49 Imperial Age
41:03 Bodkin Arrow
41:20 Forging
43:16 Iron Casting
42:54 Halberdier
44:06 Plate Mail Armor
44:05 Siege Engineers
44:39 Conscription
45:51 Blast Furnace
46:08 Arson
46:25 Bracer
48:21 Leather Archer Armor
48:33 Scale Barding Armor
大庆Song
3:20 Loom
10:48 Feudal Age
11:41 Double-Bit Axe
14:48 Horse Collar
16:04 Forging
17:32 Wheelbarrow
18:54 Scale Barding Armor
25:42 Castle Age
24:39 Gold Mining
24:41 Stone Mining
27:20 Fletching
29:16 Bow Saw
29:36 Bow Saw
29:34 Heavy Plow
29:38 Bodkin Arrow
32:15 Gold Shaft Mining
33:24 Padded Archer Armor
40:02 Imperial Age
38:21 Ballistics
40:32 Hand Cart
40:25 Caravan
40:06 Elite Mangudai
41:43 Bracer
43:06 Chemistry
42:39 Leather Archer Armor
43:06 Squires
43:35 Husbandry
43:46 Bloodlines
43:43 Thumb Ring
45:24 Conscription
45:04 Nomads
45:40 Hoardings
44:42 Capped Ram
45:50 Drill
45:07 Light Cavalry
46:08 Chain Barding Armor
47:51 Iron Casting
46:38 Hussar
48:40 Parthian Tactics
47:54 Siege Ram
49:08 Town Watch
致远Deepgame
10:58 Feudal Age
16:13 Castle Age
14:56 Double-Bit Axe
15:45 Horse Collar
17:27 Bow Saw
17:19 Heavy Plow
22:46 Wheelbarrow
23:07 Loom
23:40 Scale Barding Armor
23:46 Forging
24:42 Husbandry
24:53 Bloodlines
25:58 Gold Mining
27:16 Szlachta Privileges
29:43 Chain Barding Armor
30:49 Iron Casting
36:16 Imperial Age
37:21 Cavalier
38:43 Conscription
38:59 Hand Cart
39:27 Crop Rotation
42:38 Blast Furnace
46:08 Town Watch
46:31 Caravan
执者如旗
5:40 Loom
8:30 Feudal Age
20:21 Castle Age
20:01 Forging
19:57 Scale Barding Armor
20:34 Bloodlines
24:41 Wheelbarrow
30:49 Hand Cart
34:18 Horse Collar
34:30 Double-Bit Axe
39:00 Gold Mining
40:33 Gold Shaft Mining
44:54 Imperial Age
48:11 Chain Barding Armor
49:27 Plate Barding Armor
布吉岛
10:26 Feudal Age
14:26 Castle Age
12:49 Double-Bit Axe
13:50 Horse Collar
16:45 Bow Saw
20:58 Wheelbarrow
21:43 Gold Mining
21:43 Stone Mining
22:49 Scale Barding Armor
22:55 Forging
25:44 Heavy Plow
26:12 Chain Barding Armor
26:28 Iron Casting
26:33 Bloodlines
26:23 Husbandry
27:00 Hand Cart
27:07 Szlachta Privileges
27:08 Light Cavalry
29:13 Town Watch
29:14 Loom
34:28 Careening
36:51 Imperial Age
35:46 Caravan
38:32 Blast Furnace
37:56 Lechitic Legacy
38:00 Winged Hussar
38:01 Cavalier
39:39 Crop Rotation
42:22 Conscription
48:56 Scale Mail Armor
eddie8209
9:15 Feudal Age
9:24 Loom
10:18 Double-Bit Axe
11:31 Horse Collar
20:20 Castle Age
19:32 Bloodlines
20:54 Wheelbarrow
20:36 Scale Barding Armor
21:14 Husbandry
21:11 Light Cavalry
22:17 Chain Barding Armor
27:16 Town Watch
28:29 Hand Cart
28:22 Fletching
31:10 Gold Mining
31:10 Stone Mining
33:58 Imperial Age
32:14 Bodkin Arrow
32:42 Ballistics
33:06 Thumb Ring
33:09 Scale Mail Armor
32:54 Treadmill Crane
33:21 Padded Archer Armor
33:37 Bow Saw
33:58 Corvinian Army
36:04 Parthian Tactics
35:44 Bracer
37:21 Chemistry
36:46 Conscription
37:23 Heavy Cavalry Archer
39:20 Leather Archer Armor
39:34 Recurve Bow
41:00 Gold Shaft Mining
41:27 Two-Man Saw
40:29 Heavy Plow
41:11 Town Patrol
42:13 Caravan
43:13 Ring Archer Armor
43:18 Plate Barding Armor
43:40 Elite Magyar Huszar
44:56 Hoardings
44:53 Masonry
44:49 Siege Engineers
49:03 Murder Holes
半时
6:27 Loom
7:12 Loom
9:14 Feudal Age
10:46 Double-Bit Axe
16:59 Horse Collar
20:04 Castle Age
19:47 Bloodlines
19:50 Forging
19:46 Scale Barding Armor
20:12 Light Cavalry
20:54 Husbandry
22:10 Iron Casting
22:51 Wheelbarrow
22:33 Bow Saw
24:50 Wheelbarrow
25:39 Chain Barding Armor
28:52 Hand Cart
28:36 Town Watch
33:20 Heavy Plow
39:15 Gold Mining
39:29 Town Patrol
43:32 Imperial Age
44:55 Heavy Camel Rider
48:17 Gold Shaft Mining
47:07 Imperial Camel Rider
Connection lost

Rejoining the realm…

Still unreachable

The connection could not be restored.

Session expired

The server has moved on; the page needs a fresh start.